 Seeded DCSS version 0.28.0-62-gf88900778d (webtiles) character file.

Game seed: 13690106713218316315 (custom seed)

1502 cbfl8 the Spear-Bearer (level 8, 0/61 HPs)
             Began as a Merfolk Gladiator on July 4, 2023.
             Slain by an ogre
             ... wielding a +0 giant club
              (15 damage)
             ... on level 5 of the Dungeon.
             The game lasted 00:03:36 (5948 turns).

cbfl8 the Spear-Bearer (Merfolk Gladiator)          Turns: 5948, Time: 00:03:37

Health: 0/61       AC: 10    Str: 20    XL:     8   Next: 82%
Magic:  8/8        EV: 10    Int:  7    God:
Gold:   150        SH:  0    Dex: 16    Spells: 7/7 levels left

rFire   . . .      SeeInvis .   a - +0 trident (venom)
rCold   . . .      Faith    .   (no shield)
rNeg    . . .      Spirit   .   n - +0 chain mail
rPois   +          Reflect  .   c - +0 helmet
rElec   .          Harm     .   (no cloak)
rCorr   .          Rampage  .   (no gloves)
Will    +....                   (no boots)
Stlth   ..........              (no amulet)
HPRegen 0.20/turn               e - ring "Owof" {rPois Will+ Str+4}
MPRegen 0.11/turn               (no ring)

@: no status effects
A: (nimble swimmer 2), mertail
a: no special abilities


You were on level 5 of the Dungeon.
You visited 1 branch of the dungeon, and saw 5 of its levels.

You collected 150 gold pieces.

Inventory:

Hand Weapons
 a - a +0 trident of venom (weapon)
Missiles
 d - 3 throwing nets (quivered)
Armour
 c - a +0 helmet (worn)
 n - a +0 chain mail (worn)
Jewellery
 e - the ring "Owof" (left hand) {rPois Will+ Str+4}
   (You acquired it on level 1 of the Dungeon)

   [ring of willpower]

   Str:       It affects your strength (+4).
   rPois:     It protects you from poison.
   Will:      It increases your willpower.
Scrolls
 g - 2 scrolls of teleportation {unknown}
 h - a scroll of fear {unknown}
 k - 2 scrolls of identify {unknown}
 l - a scroll of amnesia {unknown}
 o - a scroll of immolation {unknown}
Potions
 b - a potion of magic {unknown}
 f - a potion of curing
 i - 2 potions of ambrosia {unknown}
 j - a potion of berserk rage {unknown}
 m - a potion of heal wounds {unknown}


   Skills:
 + Level 4.8 Fighting
 + Level 9.5 Polearms
 * Level 4.1 Throwing
 + Level 3.4 Armour
 + Level 5.3 Dodging
 + Level 1.0 Stealth
 * Level 3.9 Evocations


You had 7 spell levels left.
You didn't know any spells.
Your spell library contained the following spells:

 Spells                   Type           Power      Damage    Failure   Level
 Magic Dart               Conj           0%         1d3       99%         1
 Ensorcelled Hibernation  Hex/Ice        0%         N/A       100%        2
 Passwall                 Tmut/Erth      0%         N/A       100%        2
 Searing Ray              Conj           0%         2d4       100%        2
 Swiftness                Air            0%         N/A       100%        3
 Fulminant Prism          Conj/Hex       0%         3d6       100%        4


Dungeon Overview and Level Annotations

Branches:
Dungeon (5/15)
 Temple: D:4-7

Altars:
Kikubaaqudgha
Vehumet
Wu Jian
The Shining One


Innate Abilities, Weirdness & Mutations

((You are very nimble when in or above water. (Stealth+, EV+, Speed+++)))
Your lower body shifts to a powerful aquatic tail in water.


Message History

You hit the hound.
The hound looks as sick as possible!
The hound is severely wounded.
You feel very sick. The scorpion stings you. The hound bites you.
You barely miss the hound.
The hound is severely wounded.
You feel sick. The hound closely misses you. The scorpion misses you.
You barely miss the hound.
The hound is severely wounded.
You feel sick. The hound bites you. The scorpion closely misses you.
You hit the hound but do no damage.
The hound looks as sick as possible!
The hound is almost dead.
You feel sick. The hound bites you but does no damage.
The scorpion completely misses you.
You puncture the hound!
You kill the hound!
You feel sick.
The scorpion stings you but does no damage.
You barely miss the ogre.
You feel sick. The scorpion stings you. The ogre hits you with a +0 giant club.
You hit the ogre but do no damage.
The ogre is poisoned.
The scorpion closely misses you.
You hit the ogre.
The ogre looks as sick as possible!
The ogre is lightly wounded.
You feel sick. The ogre barely misses you. The scorpion stings you.
You are too injured to fight recklessly!
You are too injured to fight recklessly!
You barely miss the ogre.
The ogre is lightly wounded.
You feel sick. The scorpion closely misses you. The ogre barely misses you.
You puncture the ogre!
The ogre looks as sick as possible!
The ogre is heavily wounded.
You feel sick. The scorpion stings you!
* * * LOW HITPOINT WARNING * * *
You hit the ogre but do no damage.
The ogre looks as sick as possible!
The ogre is heavily wounded.
You feel sick.
You are no longer poisoned.
The ogre hits you with a +0 giant club!
You die...

#####.### ##....#.##..## #.#
##.#..#.##....# ########.#
##.#....##..##.## #........#
##.#....##....###. #.#####..#
##.#....##..##...## ##.#####..###
#......###...###.#
............###'#.#..#.###...####
##.####.......#.###.#....###...#.
#.........####.@O###....#.###.#.
########.## ##.s..###.#....#'#.
#.# ..#....###......#. ###### #.#
#.##.##...###...... ≈≈≈≈≈# ##'##
#[ # #$ ###..#. ....≈###...## ##
##### ####. ♣♣♣.≈##.....## #...#
#. ♣..'.......## #...# ###.
♣..'........####...#########...


You could see an ogre (extremely poisoned) and a scorpion.

Vanquished Creatures
  Eustachio (D:5)
  Menkaure (D:5)
  A water moccasin (D:5)
  A black bear (D:5)
  2 ice beasts
  2 necrophages (D:4)
  A centaur (D:5)
  A kobold brigand (D:4)
  A water moccasin zombie (D:5)
  A scorpion (D:4)
  A jelly (D:5)
  4 hounds
  2 bullfrog skeletons (D:5)
  A centaur skeleton (D:5)
  A killer bee zombie (D:5)
  A hound zombie (D:5)
  2 gnolls (D:4)
  6 adders
  An ufetubus (D:5)
  An adder skeleton (D:5)
  4 worms
  A dart slug (D:4)
  5 orcs
  8 ball pythons
  3 bats (D:2)
  6 endoplasms
  3 giant cockroaches
  4 hobgoblins
  4 jackals (D:1)
  7 quokkas
  4 frilled lizards
  7 goblins
  5 kobolds
  5 rats
98 creatures vanquished.

Vanquished Creatures (others)
  2 gnolls (D:4)
  4 fungi (D:2)
  3 plants (D:2)
9 creatures vanquished.

Grand Total: 107 creatures vanquished

Notes
Turn   | Place    | Note
-------+----------+-------------------------------------------
     0 | D:1      | cbfl8 the Merfolk Gladiator began the quest for the Orb.
     0 | D:1      | Reached XP level 1. HP: 16/16 MP: 1/1
   560 | D:2      | Reached XP level 2. HP: 20/23 MP: 2/2
   845 | D:1      | Reached XP level 3. HP: 25/28 MP: 3/3
  1244 | D:1      | Reached skill level 5 in Polearms
  1250 | D:1      | Reached skill level 1 in Evocations
  1692 | D:1      | Identified a scroll of acquirement
  1692 | D:1      | Acquired the ring "Owof" {rPois Will+ Str+4}
  1780 | D:2      | Found a faded altar of an unknown god.
  1829 | D:2      | Reached XP level 4. HP: 34/34 MP: 4/4
  3318 | D:4      | Found a radiant altar of Vehumet.
  3323 | D:4      | Reached XP level 5. HP: 35/41 MP: 5/5
  3328 | D:4      | Reached skill level 6 in Polearms
  3330 | D:4      | Reached skill level 1 in Armour
  3690 | D:4      | Noticed a necrophage
  3706 | D:4      | Killed a necrophage
  3707 | D:4      | Reached XP level 6. HP: 44/47 MP: 6/6
  3865 | D:4      | Found a glowing golden altar of the Shining One.
  3878 | D:4      | Noticed a necrophage
  3890 | D:4      | Killed a necrophage
  3891 | D:4      | Reached skill level 7 in Polearms
  4039 | D:4      | Reached XP level 7. HP: 52/52 MP: 7/7
  4058 | D:4      | Reached skill level 1 in Stealth
  4253 | D:5      | Entered Level 5 of the Dungeon
  4306 | D:5      | Reached skill level 8 in Polearms
  4323 | D:5      | Reached skill level 5 in Dodging
  4721 | D:5      | Found an ancient bone altar of Kikubaaqudgha.
  4947 | D:5      | Noticed Eustachio
  4965 | D:5      | Killed Eustachio
  4966 | D:5      | Reached XP level 8. HP: 48/60 MP: 8/8
  5137 | D:5      | Noticed Menkaure
  5145 | D:5      | Killed Menkaure
  5473 | D:5      | Reached skill level 9 in Polearms
  5618 | D:5      | Found an ornate altar of the Wu Jian Council.
  5948 | D:5      | Slain by an ogre

Illustrated notes

Levels and vault maps discovered:
D:1:      dpeg_arrival_long_road, layout_basic, minivault_11
D:2:      layout_loops_cross, shapermc_ecumenical_altar_mp_urbaneastern,
          kennysheep_generic_room_13
D:3:      layout_basic
D:4:      layout_gridville, fiery_altar_vehumet, tso_altar
D:5:      minmay_razor_zed, layout_loops_corners, kiku_gazebo_garden_becter,
          nicolae_wu_jian_wuxing_cycle, kennysheep_generic_room_6,
          uniq_menkaure, uniq_eustachio

Skill      XL: |  1  2  3  4  5  6  7  8 |
---------------+-------------------------+-----
Polearms       | 5 6 7 8 9 |  9.5
Evocations     | 1 2 3 |  3.9
Fighting       | 3 4 |  4.8
Armour         | 1 2 3 |  3.4
Stealth        | 1 |  1.0
Throwing       | 3 4 |  4.1
Dodging        | 5 |  5.3

Action                   |  1- 3 |  4- 6 |  7- 9 || total
-------------------------+-------+-------+-------++-------
Melee: Trident           |   117 |   127 |   141 ||   385
       Punch             |       |       |     3 ||     3
  Use: Scroll            |     1 |     5 |       ||     6
       Potion            |       |     1 |     1 ||     2
 Stab: Sleeping          |     1 |       |       ||     1
Armor: Leather armour    |     8 |       |       ||     8
       Scale mail        |    30 |     9 |       ||    39
       Chain mail        |       |    20 |    63 ||    83
Dodge: Dodged            |    86 |    48 |    68 ||   202
